 Dungeon Crawl Stone Soup version 0.18-b1-2-gd0c887e (webtiles) character file.

667 RudyRod the Firebug (level 7, -2/48 HPs)
             Began as a Demonspawn Fire Elementalist on Apr 28, 2016.
             Killed from afar by RudyRod's ghost (17 damage)
             ... with a puff of flame
             ... on level 4 of the Dungeon.
             The game lasted 00:39:09 (5352 turns).

RudyRod the Firebug (Demonspawn Fire Elementalist)  Turns: 5352, Time: 00:39:10

Health: -2/48      AC:  7    Str:  8    XL:     7   Next: 31%
Magic:  13/13      EV: 12    Int: 18    God:
Gold:   277        SH:  0    Dex: 17    Spells: 4 memorised, 6 levels left

rFire  . . .     SeeInvis +     A - +1 mace
rCold  . . .     Gourm    .     t - +0 leather armour
rNeg   . . .     Faith    .     (no shield)
rPois  .         Spirit   .     (no helmet)
rElec  .         Dismiss  .     (no cloak)
rCorr  .         Reflect  .     p - +0 pair of gloves
SustAt .         Harm     .     (no boots)
MR     .....                    (no amulet)
Stlth  ++........               E - +3 ring of dexterity
                                y - ring of see invisible

@: exhausted, very slightly contaminated, slowed, very slow, not resistant to
hostile enchantments, unstealthy
A: slimy green scales 2, powered by pain 1, spiny 1
a: no special abilities


You were on level 4 of the Dungeon.
You were very hungry.

You visited 1 branch of the dungeon, and saw 4 of its levels.
You also visited: Sewer.

You collected 277 gold pieces.

Inventory:

Hand Weapons
 i - a +0 club
 q - a +0 short sword
 A - a +1 mace (weapon)
Missiles
 e - 37 poisoned needles
 j - 4 tomahawks (quivered)
Armour
 a - a +0 robe
 p - a +0 pair of gloves (worn)
 t - a +0 leather armour (worn)
Jewellery
 y - a ring of see invisible (left hand)
 E - a +3 ring of dexterity (right hand)
Scrolls
 f - 3 scrolls of identify
 h - a scroll of amnesia
 l - a scroll of enchant weapon
 o - 3 scrolls of remove curse
 s - a scroll of fear
 u - a scroll of magic mapping
Potions
 d - 3 potions of flight
 g - 3 potions of heal wounds {unknown}
 k - 3 potions of curing {unknown}
 n - a potion of degeneration {unknown}
 r - a potion of cancellation {unknown}
 v - 2 potions of lignification {unknown}
 w - a potion of magic {unknown}
 z - a potion of might {unknown}
Books
 b - a book of Flames

   Spells                             Type                      Level
   a - Flame Tongue                   Conjuration/Fire             1
   b - Throw Flame                    Conjuration/Fire             2
   c - Conjure Flame                  Conjuration/Fire             3
   d - Inner Flame                    Hexes/Fire                   3
   e - Sticky Flame                   Conjuration/Fire             4
   f - Fireball                       Conjuration/Fire             5
 x - a book of Air

   Spells                             Type                      Level
   a - Shock                          Conjuration/Air              1
   b - Swiftness                      Charms/Air                   2
   c - Repel Missiles                 Charms/Air                   2
   d - Static Discharge               Conjuration/Air              3
   e - Lightning Bolt                 Conjuration/Air              5
Comestibles
 c - 3 bread rations
 m - 3 meat rations
 D - a fruit


   Skills:
 + Level 1.0 Fighting
 + Level 0.1 Maces & Flails
 + Level 1.3 Armour
 + Level 2.2 Dodging
 + Level 3.0 Stealth
 + Level 0.1 Unarmed Combat
 + Level 4.2 Spellcasting
 + Level 3.7 Conjurations
 + Level 4.5 Fire Magic
 + Level 0.1 Air Magic


You had 6 spell levels left.
You knew the following spells:

 Your Spells              Type           Power        Failure   Level  Hunger
a - Flame Tongue          Conj/Fire      ###..        4%          1    None
b - Throw Flame           Conj/Fire      ###...       8%          2    ##.....
c - Shock                 Conj/Air       ##..         10%         1    None
d - Sticky Flame          Conj/Fire      ###.....     38%         4    ####...


Dungeon Overview and Level Annotations

Branches:
Dungeon (4/15)
 Temple: D:4-7

Altars:
Dithmenos
Fedhas
Makhleb
Qazlal
Ru
Zin

Annotations:
D:4 RudyRod's ghost, novice DsFE


Innate Abilities, Weirdness & Mutations

You are mostly covered in slimy green scales (AC +3).
You sometimes gain a little power by taking damage.
You are partially covered in sharp spines.


Message History

RudyRod's ghost is moderately damaged.
RudyRod's ghost hits you.
Drink which item? (? for menu, Esc to quit)
It was a potion of berserk rage.
A red film seems to cover your vision as you go berserk!
You feel yourself moving faster!
You feel mighty!
RudyRod's ghost is struck by your spines.
RudyRod's ghost hits you.
You feel a strong urge to attack something.
RudyRod's ghost gestures at you while chanting.
The puff of flame hits you!
* * * LOW HITPOINT WARNING * * *
You feel your anger subside.
You are no longer berserk.
You are exhausted.
You feel yourself slow down.
You are feeling very hungry.
RudyRod's ghost casts a spell at you. The puff of flame hits you!
You die...

#........#
#####........##
....'........'. .
#.#..........# ### #
#...P.P.###### #..
#...._.W# #.# #.#.P.P.#
#.# #
#.....########.#########
#####.W..@.............#
#####.####.#######.#
#...##.# #.# ###.##.#
#.# #.##.# #.# #.##.#
#.# #.##.#######.#
#.##.(.......#
#.##.###########


You could see RudyRod's ghost.

Vanquished Creatures
  A phantom (D:4)
  4 big kobolds (Sewer)
  10 adders
  5 river rats (Sewer)
  7 oozes
  An adder skeleton (D:4)
  2 worms
  2 dart slugs
  9 giant geckos
  3 orcs
  5 ball pythons (Sewer)
  6 giant cockroaches
  16 goblins
  9 hobgoblins
  2 jackals (D:4)
  15 kobolds
  6 quokkas
  7 bats
  3 giant newts
  A jackal skeleton (D:4)
  A quokka skeleton (D:4)
  8 rats
123 creatures vanquished.

Notes
Turn   | Place    | Note
--------------------------------------------------------------
     0 | D:1      | RudyRod the Demonspawn Fire Elementalist began the quest for the Orb.
     0 | D:1      | Reached XP level 1. HP: 13/13 MP: 3/3
   412 | D:1      | Gained mutation: You are partially covered in sharp spines. [demonic ancestry]
   412 | D:1      | Reached XP level 2. HP: 8/19 MP: 0/5
  1158 | D:1      | Reached XP level 3. HP: 17/24 MP: 0/6
  1599 | D:2      | Learned a level 2 spell: Throw Flame
  1953 | D:2      | Noticed an earth elemental
  1956 | D:2      | Found a stormy altar of Qazlal.
  1958 | D:2      | Noticed a water elemental
  1958 | D:2      | Noticed a fire elemental
  1958 | D:2      | Noticed an air elemental
  1961 | D:2      | Reached XP level 4. HP: 31/31 MP: 4/8
  2738 | D:3      | Found a shadowy altar of Dithmenos.
  3027 | D:3      | Found a glowing drain.
  3060 | Sewer    | Entered a sewer
  3295 | Sewer    | Gained mutation: You sometimes gain a little power by taking damage. [demonic ancestry]
  3295 | Sewer    | Reached XP level 5. HP: 36/36 MP: 6/9
  3574 | Sewer    | Gained mutation: You are partially covered in slimy green scales (AC +2). [demonic ancestry]
  3574 | Sewer    | Reached XP level 6. HP: 42/42 MP: 2/11
  3758 | Sewer    | Reached skill level 1 in Armour
  3902 | Sewer    | Gained mutation: You are mostly covered in slimy green scales (AC +3). [demonic ancestry]
  3902 | Sewer    | Reached XP level 7. HP: 47/47 MP: 3/13
  4670 | D:4      | Learned a level 1 spell: Shock
  4711 | D:4      | Found a glowing silver altar of Zin.
  4719 | D:4      | Found a burning altar of Makhleb.
  4721 | D:4      | Found a sacrificial altar of Ru.
  5047 | D:4      | Learned a level 4 spell: Sticky Flame
  5248 | D:4      | Reached skill level 1 in Fighting
  5330 | D:4      | Found a blossoming altar of Fedhas.
  5335 | D:4      | Noticed RudyRod's ghost (novice DsFE)
  5352 | D:4      | Killed from afar by RudyRod's ghost

Skill      XL: |  1  2  3  4  5  6  7 |
---------------+----------------------+-----
Fire Magic     | 3 4 |  4.5
Dodging        | 2 |  2.2
Stealth        | 2 3 |  3.0
Spellcasting   | 3 4 |  4.2
Conjurations   | 2 3 |  3.7
Armour         | 1 |  1.3
Fighting       | 1 |  1.0
Maces & Flails | |  0.1
Unarmed Combat | |  0.1
Air Magic      | |  0.1

Action                   |  1- 3 |  4- 6 |  7- 9 || total
-------------------------+-------+-------+-------++-------
Melee: Unarmed           |     7 |       |       ||     7
       Club              |     9 |     9 |       ||    18
       Mace              |       |     4 |    11 ||    15
 Cast: Flame Tongue      |    61 |    24 |     2 ||    87
       Throw Flame       |     3 |    45 |    33 ||    81
       Shock             |       |       |    14 ||    14
  Use: Scroll            |     6 |     6 |     1 ||    13
       Potion            |       |       |     1 ||     1
  Eat: Chunk             |     4 |     5 |     3 ||    12
       Pizza             |       |     1 |       ||     1
       Fruit             |       |     3 |     2 ||     5
Armor: Robe              |     5 |     1 |       ||     6
       Leather armour    |       |     5 |     2 ||     7
Dodge: Dodged            |    21 |    17 |    14 ||    52
